 Dungeon Crawl Stone Soup version 0.31.0 (webtiles) character file.

Game seed: 7823276530186852620

123 Esekla the Gusty (level 4, -1/24 HPs)
             Began as a Deep Elf Wanderer on Jan 20, 2024.
             Was an Initiate of Ashenzari.
             Slain by a gnoll
             ... wielding a +0 spear
              (7 damage)
             ... on level 3 of the Dungeon.
             The game lasted 00:19:09 (2806 turns).

Esekla the Gusty (Deep Elf Wanderer)                Turns: 2806, Time: 00:19:10

Health: -1/24      AC:  4    Str:  6    XL:     4   Next: 79%
Magic:  0/10       EV: 12    Int: 21    God:    Ashenzari [......]
Gold:   241        SH:  0    Dex: 15    Spells: 1/8 levels left

rFire   . . .        c - +0 dagger
rCold   . . .        (no shield)
rNeg    . . .        e - +0 robe
rPois   .            l - +2 hat
rElec   .            (no cloak)
rCorr   +            (no gloves)
SInv    .            (no boots)
Will    .....        (no amulet)
Stlth   ++           f - ring of resist corrosion
HPRegen 0.24/turn    (no ring)
MPRegen 0.12/turn

%: no passive effects
@: very slightly contaminated
A: no striking features
a: Renounce Religion


You were on level 3 of the Dungeon.
You worshipped Ashenzari.
Ashenzari was noncommittal.
You visited 1 branch of the dungeon, and saw 3 of its levels.

You collected 241 gold pieces.

Inventory:

Hand Weapons
 c - a +0 dagger (weapon)
Missiles
 b - 14 boomerangs (quivered)
Armour
 e - a +0 robe (worn)
 l - a +2 hat (worn)
Magical Staves
 m - a staff of death
Jewellery
 f - a ring of resist corrosion (left hand)
 o - a ring of ice
Scrolls
 a - a scroll of identify {unknown}
 d - 3 scrolls of blinking
 g - 2 scrolls of fear {unknown}
 j - a scroll of acquirement {unknown}
 n - a scroll of butterflies {unknown}
 r - a scroll of vulnerability {unknown}
 u - a scroll of teleportation {unknown}
 v - a scroll of enchant weapon {unknown}
Potions
 h - a potion of ambrosia {unknown}
 i - a potion of cancellation
 k - a potion of curing {unknown}
 p - a potion of resistance {unknown}
 q - a potion of attraction {unknown}
 s - 2 potions of degeneration {unknown}
 t - a potion of brilliance {unknown}


   Skills:
 + Level 0.2 Fighting
 + Level 0.8 Short Blades
 + Level 2.9 Ranged Weapons
 + Level 1.0 Throwing
 + Level 1.5 Armour
 * Level 2.0 Dodging
 + Level 1.6 Stealth
 * Level 2.7 Spellcasting
 * Level 1.6 Conjurations
 * Level 0.4 Ice Magic
 + Level 3.7 Air Magic
 * Level 1.0 Alchemy


You had one spell level left.
You knew the following spells:

 Your Spells              Type           Power      Damage    Failure   Level
a - Ozocubu's Armour      Ice            4%         N/A       34%         3
b - Shock                 Conj/Air       56%        1d6       4%          1
c - Mephitic Cloud        Conj/Alch/Air  11%        N/A       17%         3

Your spell library contained the following spells:

 Spells                   Type           Power      Damage    Failure   Level
 Sting                    Conj/Alch      32%        1d5       8%          1
 Static Discharge         Conj/Air       28%        3-5/arc   7%          2
 Mercury Vapours          Alch/Air       24%        N/A       8%          2
 Fugue of the Fallen      Necr           2%         N/A       38%         3
 Olgreb's Toxic Radiance  Alch           7%         N/A       65%         4
 Manifold Assault         Tloc           2%         N/A       80%         4


Dungeon Overview and Level Annotations

Branches:
Dungeon (3/15)

Altars:
Ashenzari
Makhleb
Qazlal
Xom
Zin
The Shining One


Message History

Press: ? - help, Shift-Dir - straight line The zap misses the gnoll.
The zap hits the gnoll.
The gnoll is almost dead.
The zap hits the gnoll.
You kill the gnoll!
The zap hits the gnoll but does no damage.
The gnoll is heavily wounded.
The gnoll closely misses you.
Your magical contamination has completely faded away.
Casting: Shock (safe; 4% risk of failure)
Confirm with . or Enter, or press ? or * to list all spells.
Aiming: Shock (safe; 4% risk of failure)
Press: ? - help, Shift-Dir - straight line The zap hits the gnoll.
The gnoll is almost dead.
The zap hits the gnoll but does no damage.
The gnoll is almost dead.
The gnoll hits you with a +0 spear.
Casting: Shock (safe; 4% risk of failure)
Confirm with . or Enter, or press ? or * to list all spells.
Aiming: Shock (safe; 4% risk of failure)
Press: ? - help, Shift-Dir - straight line You miscast Shock.
You are very lightly contaminated with residual magic.
Nothing appears to happen.
The gnoll barely misses you.
You barely miss the gnoll.
The gnoll is severely wounded.
The gnoll misses you.
You hit the gnoll but do no damage.
The gnoll is severely wounded.
The gnoll hits you with a +0 spear.
* * * LOW HITPOINT WARNING * * *
Okay, then.
Unknown command.
Blink to where?
Press: ? - help, Dir - move target
Okay, then.
Unknown command.
The gnoll hits you from afar with a +0 spear!
You die...

#.######.#.#.###
#.# #.#.#.# #.#
..#.#.# #.# #.#
#.# ## #.# #.
#.# #.#######
#.# #.)g.@..#
#.# #..###.##
#.# #).# #.# #.#
#..# #.# #.#
#..# #.# ..#
#..# #.# ..#
#..# #.# ..#
#..###.# ..#
#...#


You could see a gnoll.

Vanquished Creatures
  2 gnolls (D:3)
  3 adders
  A ribbon worm (D:3)
  3 dart slugs
  An orc (D:2)
  8 ball pythons
  6 bats
  4 endoplasms
  4 giant cockroaches
  4 goblins
  11 hobgoblins
  A jackal (D:2)
  7 kobolds
  2 quokkas
  3 frilled lizards (D:1)
  4 rats
64 creatures vanquished.

Vanquished Creatures (others)
  An angel (D:3)
1 creature vanquished.

Grand Total: 65 creatures vanquished

Notes
Turn   | Place    | Note
-------+----------+-------------------------------------------
     0 | D:1      | Esekla the Deep Elf Wanderer began the quest for the Orb.
     0 | D:1      | Esekla set off with the following items: a +0 sling, 9
                  | boomerangs, a +0 dagger, a scroll of blinking, a +0 robe;
                  | and the following spell memorised: Shock; and the following
                  | spells available to memorise: Static Discharge, Mephitic
                  | Cloud.
     0 | D:1      | Reached XP level 1. HP: 10/10 MP: 5/5
    81 | D:2      | Reached skill level 1 in Dodging
   114 | D:2      | Reached XP level 2. HP: 13/15 MP: 3/6
   243 | D:2      | Found a faded altar of an unknown god.
   709 | D:1      | Reached XP level 3. HP: 19/19 MP: 5/7
   713 | D:1      | Learned a level 3 spell: Mephitic Cloud
   897 | D:1      | Reached skill level 1 in Conjurations
  1657 | D:2      | Reached XP level 4. HP: 9/24 MP: 0/9
  2034 | D:2      | Learned a level 3 spell: Ozocubu's Armour
  2121 | D:3      | Found a stormy altar of Qazlal.
  2240 | D:3      | Killed an angel
  2357 | D:3      | Found a shimmering altar of Xom.
  2360 | D:3      | Found a glowing silver altar of Zin.
  2402 | D:3      | Found a glowing golden altar of the Shining One.
  2410 | D:3      | Found a broken altar of Ashenzari.
  2519 | D:3      | Found a burning altar of Makhleb.
  2588 | D:3      | Became a worshipper of Ashenzari the Shackled
  2795 | D:3      | Reached skill level 1 in Alchemy
  2806 | D:3      | Slain by a gnoll

Illustrated notes

Levels and vault maps discovered:
D:1:      dpeg_arrival_boxorama, layout_basic, minmay_misc_feat_doors
D:2:      minmay_general_purpose_star, layout_basic,
          nicolae_ecumenical_oubliette
D:3:      layout_basic, grunt_temple_overflow_order_and_chaos_1,
          general_overflow_altar, nicolae_qazlal_scattered_showers,
          mainiacjoe_overflow_catwalk_spiral, serial_park_tiny_1,
          kennysheep_generic_room_7

Skill      XL: |  1  2  3  4 |
---------------+-------------+-----
Dodging        | 1 2 |  2.0
Spellcasting   | 2 |  2.7
Conjurations   | 1 |  1.6
Alchemy        | 1 |  1.0
Fighting       | |  0.2
Short Blades   | |  0.8
Ranged Weapons | |  2.9
Throwing       | |  1.0
Armour         | |  1.5
Stealth        | |  1.6
Ice Magic      | |  0.4
Air Magic      | |  3.7

Action                     |  1- 3 |  4- 6 || total
---------------------------+-------+-------++-------
  Melee: Dagger            |    49 |    22 ||    71
         Punch             |     1 |       ||     1
  Throw: Boomerang         |     3 |       ||     3
   Cast: Shock             |    46 |    22 ||    68
         Mephitic Cloud    |     2 |       ||     2
    Use: Potion            |     2 |       ||     2
         Scroll            |     1 |       ||     1
   Stab: Sleeping          |     2 |     4 ||     6
         Confused          |     1 |       ||     1
 Armour: Robe              |    43 |    35 ||    78
  Dodge: Dodged            |    68 |    43 ||   111
